 Dungeon Sprint DCSS version 0.17-a0-1368-g6ab37f2 (webtiles) character file.

11707 Kidiri the Unseen (level 11, -26/42 HPs)
             Began as a Spriggan Enchanter on June 12, 2015.
             Was the Champion of Dithmenos.
             Annihilated by an alligator snapping turtle (37 damage)
             ... in the Dungeon (Sprint III: "The Ten Rune Challenge").
             The game lasted 00:18:30 (2845 turns).

Kidiri the Unseen (Spriggan Enchanter)              Turns: 2845, Time: 00:18:30

Health: -26/42     AC:  3    Str:  4    XL:     11   Next: 52%
Magic:  23/30      EV: 34    Int: 18    God:    Dithmenos [******]
Gold:   44         SH:  0    Dex: 21    Spells: 9 memorised, 10 levels left

rFire  . . .     SeeInvis +     a - +1 dagger
rCold  . . .     Rnd*Rage +     b - +1 robe
rNeg   . . .     SustAt   .     (shield restricted)
rPois  .         Gourm    .     (helmet restricted)
rElec  .         Spirit   .     (no cloak)
rCorr  .         Warding  .     (gloves unavailable)
rMut   .         NoTele   +     (boots unavailable)
MR     +....                    (no amulet)
Stlth  ++++++++..               (no ring)
                                (no ring)

@: wreathed by umbra, very quick, somewhat resistant to hostile enchantments,
extraordinarily stealthy
A: unfitting armour, horns 1, see invisible, agile 1, berserk 1, herbivore 3,
speed 3, frail 1, slow metabolism 2, wild magic 1
a: Shadow Step, Shadow Form, Renounce Religion


You were in the Dungeon.
You worshipped Dithmenos.
Dithmenos was exalted by your worship.
You were not hungry.

You visited 1 branch You collected 44 gold pieces.

Inventory:

Hand weapons
 a - a +1 dagger (weapon)
Armour
 b - a +1 robe (worn)
Magical devices
 u - a wand of confusion (14)
Scrolls
 l - a scroll of holy word {unknown}
 m - 4 scrolls of identify
 n - 3 scrolls of remove curse
 r - a scroll of torment {unknown}
Potions
 e - 3 potions of curing
 g - a potion of haste
 h - a potion of magic
 p - 2 potions of cure mutation
 q - 4 potions of flight
 t - a potion of might
Books
 c - a book of Maledictions

   Spells                             Type                      Level
   a - Corona                         Hexes                        1
   b - Ensorcelled Hibernation        Hexes/Ice                    2
   c - Confuse                        Hexes                        3
   d - Tukima's Dance                 Hexes                        3
   e - Dazzling Spray                 Conjuration/Hexes            3
 i - a book of Unlife

   Spells                             Type                      Level
   a - Recall                         Summoning/Translocation      3
   b - Animate Dead                   Necromancy                   4
   c - Control Undead                 Necromancy                   4
   d - Cigotuvi's Embrace             Necromancy                   5
   e - Death Channel                  Necromancy                   6
   f - Simulacrum                     Ice/Necromancy               6
Comestibles
 d - a bread ration
 f - 6 fruits
 o - 26 royal jellies


   Skills:
 + Level 9.6 Short Blades
 * Level 16.4 Dodging
 * Level 18.1 Stealth
 * Level 14.3 Spellcasting
 + Level 6.4 Conjurations
 + Level 11.1 Hexes
 + Level 7.4 Necromancy
 + Level 7.1 Ice Magic
 + Level 7.7 Invocations


You had 10 spell levels left.
You knew the following spells:

 Your Spells              Type           Power        Failure   Level  Hunger
a - Corona                Hex            ######.      1%          1    None
b - Ensorcelled Hibernat  Hex/Ice        ######       1%          2    None
c - Confuse               Hex            ######..     1%          3    None
d - Tukima's Dance        Hex            ######..     1%          3    None
e - Dazzling Spray        Conj/Hex       ######..     2%          3    None
f - Animate Dead          Necr           N/A          7%          4    None
g - Recall                Summ/Tloc      N/A          30%         3    None
h - Control Undead        Necr           ######....   7%          4    None
i - Cigotuvi's Embrace    Necr           ######....   19%         5    ####...


Dungeon Overview and Level Annotations

Branches:
Dungeon (1/1)

Altars:
Cheibriados
Dithmenos
Elyvilon
Fedhas
Gozag
Kikubaaqudgha
Makhleb
Nemelex Xobeh
Okawaru
Qazlal
Ru
Sif Muna
Trog
Vehumet
Xom
Yredelemnul
Zin
The Shining One
Jiyva
Lugonu

Shops:
D ?}(


Innate Abilities, Weirdness & Mutations

You are tiny and cannot use many weapons and most armour.
You have supernaturally acute eyesight.
You are a herbivore.
You cover ground extremely quickly.
You need consume almost no food.
You have a pair of small horns on your head.
You are agile. (Dex +2)
You tend to lose your temper in combat.
You are frail (-10% HP).
Your spells are a little harder to cast, but a little more powerful.


Message History

The helpless kraken fails to defend itself.
You skewer the kraken like a kebab!!!!
The kraken is severely wounded.
The snapping turtle hisses angrily.
Casting: Ensorcelled Hibernation
Confirm with . or Enter, or press ? or * to list all spells.
Aiming: Ensorcelled Hibernation
Press: ? - help, Shift-Dir - straight line, f/p - kraken
Aim: a kraken (water, severely wounded, umbra, chance to defeat MR: 37%)
The kraken is unaffected.
The kraken barely misses you.
The alligator snapping turtle barely misses you.
The kraken bites you!!
Ouch! That really hurt!
* * * LOW HITPOINT WARNING * * *
You emit a cloud of dark smoke.
The alligator snapping turtle misses you.
The kraken closely misses you.
The alligator snapping turtle bites you from afar!!!
Ouch! That really hurt!
You die...

♣♣.##.#####...#...§§)#
♣†....##......#♣♣♣.§§#
########'#############
▓..........P.▓
▓≈≈P......P≈≈▓
▓≈≈≈P....P≈≈≈▓
▓≈≈≈≈≈..≈≈≈≈≈▓
▓≈≈≈≈≈≈≈≈≈≈≈≈▓
▓≈≈≈≈≈≈≈≈@Xt§▓
▓≈≈≈≈≈≈≈≈§§§§▓
▓≈≈≈≈≈≈≈≈§§§§▓
▓≈≈≈≈≈≈≈≈≈§§§▓
▓≈≈≈≈≈≈≈≈≈§§§▓
≈≈≈≈≈≈≈≈≈≈≈▓
≈≈≈≈≈≈≈≈≈t≈▓
≈≈....t.t≈≈▓
..∩∩φ∩..≈≈▓


You could see a kraken and 2 alligator snapping turtles.

Vanquished Creatures
  Maud (D)
  Josephine (D)
  2 hydras (D)
  A centaur warrior (D)
  An unseen horror (D)
  A death drake (D)
  A lindwurm (D)
  A spriggan druid (D)
  A komodo dragon (D)
  2 spiny frogs (D)
  3 wandering mushrooms (D)
  A deep elf priest (D)
  A queen bee (D)
  2 snapping turtles (D)
  2 spriggans (D)
  A shadow (D)
  3 redbacks (D)
  A spatial vortex (D)
  A necrophage (D)
  2 centaurs (D)
  An earth elemental (D)
  2 brain worms (D)
  A water elemental (D)
  31 killer bees (D)
  An electric eel (D)
  A jelly (D)
  A wizard (D)
  Jessica (D)
  A wolf (D)
  A necromancer (D)
  3 humans (D)
  A kobold demonologist (D)
  An ooze (D)
  2 rats (D)
77 creatures vanquished.

Vanquished Creatures (others)
  2 draconian scorchers (D)
  2 yaktaurs (D)
  A killer bee (D)
  A fungus (D)
  4 tentacles (D)
  91 tentacle segments (D)
101 creatures vanquished.

Grand Total: 178 creatures vanquished

Notes
Turn   | Place    | Note
--------------------------------------------------------------
     0 | D        | Kidiri the Spriggan Enchanter began the quest for the Orb.
     0 | D        | Reached XP level 1. HP: 9/9 MP: 5/5
     5 | D        | Reached skill level 5 in Stealth
    11 | D        | Noticed Jessica
    14 | D        | Killed Jessica
    14 | D        | Reached skill level 5 in Dodging
    14 | D        | Reached skill level 6 in Stealth
    14 | D        | Reached XP level 2. HP: 13/13 MP: 6/8
    14 | D        | Reached XP level 3. HP: 16/16 MP: 6/9
    18 | D        | Learned a level 2 spell: Ensorcelled Hibernation
    24 | D        | Learned a level 3 spell: Confuse
    28 | D        | Learned a level 3 spell: Tukima's Dance
    57 | D        | Noticed a wolf
    81 | D        | Killed a wolf
    81 | D        | Reached skill level 7 in Stealth
   128 | D        | Killed a yaktaur
   180 | D        | Killed a white draconian scorcher
   186 | D        | Gained mutation: You are weak. (Str -2) [potion of mutation]
   186 | D        | Gained mutation: Your spells are a little harder to cast, but a little more powerful. [potion of mutation]
   186 | D        | Gained mutation: You are dopey. (Int -2) [potion of mutation]
   187 | D        | Lost mutation: Your spells are a little harder to cast, but a little more powerful. [potion of cure mutation]
   187 | D        | Lost mutation: You are weak. (Str -2) [potion of cure mutation]
   187 | D        | Lost mutation: You are dopey. (Int -2) [potion of cure mutation]
   188 | D        | Gained mutation: Your spells are a little harder to cast, but a little more powerful. [potion of mutation]
   188 | D        | Gained mutation: You are agile. (Dex +2) [potion of mutation]
   211 | D        | Killed a white draconian scorcher
   212 | D        | Reached skill level 5 in Spellcasting
   212 | D        | Reached skill level 5 in Hexes
   212 | D        | Reached skill level 1 in Ice Magic
   212 | D        | Reached XP level 4. HP: 21/21 MP: 7/12
   217 | D        | Learned a level 3 spell: Dazzling Spray
   263 | D        | Noticed a water elemental
   521 | D        | Killed a water elemental
   521 | D        | Reached skill level 8 in Stealth
   682 | D        | Found a radiant altar of Vehumet.
   682 | D        | Found a deep blue altar of Sif Muna.
   682 | D        | Found an ancient bone altar of Kikubaaqudgha.
   682 | D        | Noticed a wizard
   684 | D        | Killed a wizard
   684 | D        | Reached skill level 1 in Conjurations
   684 | D        | Reached XP level 5. HP: 24/24 MP: 14/14
   686 | D        | Reached skill level 9 in Stealth
   686 | D        | Killed a yaktaur
   698 | D        | Learned a level 4 spell: Animate Dead
   766 | D        | Noticed a jelly
   767 | D        | Noticed a shadow
   769 | D        | Killed a shadow
   769 | D        | Reached skill level 10 in Stealth
   769 | D        | Reached skill level 1 in Necromancy
   769 | D        | Reached XP level 6. HP: 28/28 MP: 15/17
   773 | D        | Killed a jelly
   786 | D        | Found a stormy altar of Qazlal.
   786 | D        | Found a sacrificial altar of Ru.
   786 | D        | Found a burning altar of Makhleb.
   786 | D        | Found a shimmering altar of Xom.
   786 | D        | Noticed a spatial vortex
   787 | D        | Found a viscous altar of Jiyva.
   787 | D        | Found a shadowy altar of Dithmenos.
   787 | D        | Found a sparkling altar of Nemelex Xobeh.
   787 | D        | Found a corrupted altar of Lugonu.
   787 | D        | Found an opulent altar of Gozag.
   792 | D        | Became a worshipper of Dithmenos the Shadowed
   833 | D        | Killed a spatial vortex
   833 | D        | Reached skill level 5 in Short Blades
   833 | D        | Reached skill level 11 in Stealth
   833 | D        | Reached skill level 1 in Invocations
   912 | D        | Found a glowing silver altar of Zin.
   913 | D        | Found a glowing golden altar of the Shining One.
   913 | D        | Found a white marble altar of Elyvilon.
   913 | D        | Noticed a deep elf priest
   915 | D        | Killed a deep elf priest
   915 | D        | Reached skill level 10 in Dodging
   915 | D        | Reached XP level 7. HP: 32/32 MP: 20/20
   924 | D        | Found an iron altar of Okawaru.
   925 | D        | Found a bloodstained altar of Trog.
   925 | D        | Noticed a human
   925 | D        | Noticed a human
   927 | D        | Killed a human
   927 | D        | Reached skill level 12 in Stealth
   928 | D        | Killed a human
   942 | D        | Found a basalt altar of Yredelemnul.
   942 | D        | Found a snail-covered altar of Cheibriados.
   942 | D        | Found a blossoming altar of Fedhas.
   942 | D        | Noticed a necrophage
   942 | D        | Noticed a necromancer
   948 | D        | Killed a necrophage
   948 | D        | Reached XP level 8. HP: 36/36 MP: 9/22
   951 | D        | Killed a necromancer
  1094 | D        | Learned a level 3 spell: Recall
  1099 | D        | Learned a level 4 spell: Control Undead
  1102 | D        | Noticed Josephine
  1112 | D        | Killed Josephine
  1112 | D        | Acquired Dithmenos's first power
  1112 | D        | Reached skill level 13 in Stealth
  1112 | D        | Reached skill level 10 in Spellcasting
  1202 | D        | Noticed an earth elemental
  1205 | D        | Killed an earth elemental
  1210 | D        | Noticed a centaur
  1210 | D        | Noticed a centaur warrior
  1210 | D        | Noticed a centaur
  1212 | D        | Killed a centaur
  1212 | D        | Reached XP level 9. HP: 39/39 MP: 24/24
  1220 | D        | Killed a centaur
  1234 | D        | Killed a centaur warrior
  1234 | D        | Reached skill level 14 in Stealth
  1234 | D        | Reached skill level 5 in Ice Magic
  1473 | D        | Noticed an unseen horror
  1475 | D        | Killed an unseen horror
  1475 | D        | Reached skill level 5 in Necromancy
  1475 | D        | Reached skill level 5 in Invocations
  1485 | D        | Noticed a killer bee
  1485 | D        | Noticed a killer bee
  1485 | D        | Noticed a killer bee
  1485 | D        | Noticed a killer bee
  1485 | D        | Noticed a queen bee
  1485 | D        | Noticed a killer bee
  1485 | D        | Noticed a killer bee
  1485 | D        | Noticed a killer bee
  1485 | D        | Noticed a killer bee
  1485 | D        | Noticed a killer bee
  1485 | D        | Noticed a killer bee
  1485 | D        | Noticed a killer bee
  1485 | D        | Noticed a killer bee
  1485 | D        | Noticed a killer bee
  1485 | D        | Noticed a killer bee
  1486 | D        | Noticed a killer bee
  1486 | D        | Noticed a killer bee
  1486 | D        | Noticed a killer bee
  1486 | D        | Noticed a killer bee
  1486 | D        | Noticed a killer bee
  1486 | D        | Noticed a killer bee
  1486 | D        | Noticed a killer bee
  1486 | D        | Noticed a killer bee
  1486 | D        | Noticed a killer bee
  1486 | D        | Noticed a killer bee
  1486 | D        | Noticed a killer bee
  1486 | D        | Noticed a killer bee
  1486 | D        | Noticed a killer bee
  1486 | D        | Noticed a killer bee
  1486 | D        | Noticed a killer bee
  1486 | D        | Noticed a killer bee
  1486 | D        | Noticed a killer bee
  1486 | D        | Noticed a killer bee
  1487 | D        | Killed a killer bee
  1487 | D        | Acquired Dithmenos's second power
  1488 | D        | Killed a killer bee
  1499 | D        | Killed a killer bee
  1509 | D        | Killed a killer bee
  1548 | D        | Killed a killer bee
  1556 | D        | Killed a killer bee
  1556 | D        | Acquired Dithmenos's third power
  1560 | D        | Killed a killer bee
  1560 | D        | Reached skill level 15 in Stealth
  1562 | D        | Killed a killer bee
  1565 | D        | Killed a queen bee
  1567 | D        | Killed a killer bee
  1569 | D        | Killed a killer bee
  1569 | D        | Acquired Dithmenos's fourth power
  1569 | D        | Reached XP level 10. HP: 34/44 MP: 11/26
  1571 | D        | Killed a killer bee
  1573 | D        | Killed a killer bee
  1575 | D        | Killed a killer bee
  1577 | D        | Killed a killer bee
  1579 | D        | Killed a killer bee
  1850 | D        | Learned a level 5 spell: Cigotuvi's Embrace
  1860 | D        | Killed a killer bee
  1866 | D        | Killed a killer bee
  1870 | D        | Killed a killer bee
  1870 | D        | Reached skill level 5 in Conjurations
  1872 | D        | Killed a killer bee
  1874 | D        | Killed a killer bee
  1892 | D        | Killed a killer bee
  1895 | D        | Killed a killer bee
  1899 | D        | Killed a killer bee
  1914 | D        | Killed a killer bee
  2154 | D        | Killed a killer bee
  2156 | D        | Killed a killer bee
  2160 | D        | Killed a killer bee
  2162 | D        | Killed a killer bee
  2164 | D        | Killed a killer bee
  2166 | D        | Killed a killer bee
  2170 | D        | Killed a killer bee
  2172 | D        | Killed a killer bee
  2267 | D        | Noticed a wandering mushroom
  2270 | D        | Noticed a wandering mushroom
  2270 | D        | Noticed a wandering mushroom
  2271 | D        | Killed a wandering mushroom
  2273 | D        | Killed a wandering mushroom
  2273 | D        | Reached skill level 16 in Stealth
  2274 | D        | Killed a wandering mushroom
  2316 | D        | Noticed a spiny frog
  2316 | D        | Noticed a komodo dragon
  2316 | D        | Noticed a spiny frog
  2324 | D        | Killed a komodo dragon
  2324 | D        | Reached skill level 10 in Hexes
  2329 | D        | Killed a spiny frog
  2333 | D        | Killed a spiny frog
  2520 | D        | Noticed a redback
  2522 | D        | Killed a redback
  2522 | D        | Reached skill level 15 in Dodging
  2523 | D        | Noticed a brain worm
  2526 | D        | Killed a brain worm
  2529 | D        | Noticed a brain worm
  2531 | D        | Killed a brain worm
  2535 | D        | Noticed a lindwurm
  2537 | D        | Noticed a redback
  2538 | D        | Killed a lindwurm
  2540 | D        | Killed a redback
  2544 | D        | Noticed a redback
  2545 | D        | Killed a redback
  2546 | D        | Noticed Maud
  2548 | D        | Killed Maud
  2548 | D        | Reached skill level 17 in Stealth
  2548 | D        | Reached XP level 11. HP: 47/47 MP: 29/29
  2552 | D        | Gained mutation: You are frail (-10% HP). [potion of mutation]
  2552 | D        | Gained mutation: You have a pair of small horns on your head. [potion of mutation]
  2552 | D        | Gained mutation: You tend to lose your temper in combat. [potion of mutation]
  2570 | D        | Noticed an electric eel
  2571 | D        | Noticed a four-headed hydra
  2571 | D        | Noticed an eight-headed hydra
  2572 | D        | Killed an electric eel
  2574 | D        | Killed an eight-headed hydra
  2575 | D        | Killed a four-headed hydra
  2587 | D        | Noticed a death drake
  2590 | D        | Killed a death drake
  2592 | D        | Noticed a snapping turtle
  2593 | D        | Noticed a kraken
  2593 | D        | Noticed a snapping turtle
  2594 | D        | Killed a snapping turtle
  2595 | D        | Noticed an alligator snapping turtle
  2595 | D        | Noticed an alligator snapping turtle
  2595 | D        | Noticed an alligator snapping turtle
  2595 | D        | Noticed a snapping turtle
  2595 | D        | Found Bethrucwu's Antique Weapon Boutique.
  2595 | D        | Found Jeer's Gadget Shop.
  2595 | D        | Found Urigim's Magic Scroll Emporium.
  2596 | D        | Killed a snapping turtle
  2596 | D        | Reached skill level 18 in Stealth
  2611 | D        | Found a blossoming altar of Fedhas.
  2611 | D        | Noticed a spriggan
  2611 | D        | Noticed a spriggan druid
  2611 | D        | Noticed a spriggan
  2616 | D        | Killed a spriggan
  2621 | D        | Killed a spriggan druid
  2625 | D        | Killed a spriggan
  2845 | D        | Annihilated by an alligator snapping turtle

Vault maps used:
D:        dungeon_sprint_mu

Action                   |  1- 3 |  4- 6 |  7- 9 | 10-12 || total
-------------------------+-------+-------+-------+-------++-------
Melee: Dagger            |     7 |    36 |    97 |    93 ||   233
 Cast: Ensorcelled Hiber |     3 |       |    12 |    38 ||    53
       Confuse           |     1 |     1 |     8 |     2 ||    12
       Dazzling Spray    |       |       |     2 |     1 ||     3
       Tukima's Dance    |       |       |     1 |       ||     1
       Cigotuvi's Embrac |       |       |       |     5 ||     5
Invok: Shadow Step       |       |       |       |     9 ||     9
  Use: Potion            |     3 |     1 |       |     4 ||     8
       Scroll            |       |       |       |     1 ||     1
 Stab: Sleeping          |     4 |     5 |    16 |    39 ||    64
       Confused          |     1 |       |     3 |     1 ||     5
       Invisible         |       |       |     1 |     2 ||     3
  Eat: Fruit             |       |       |       |     3 ||     3
       Royal jelly       |       |       |       |     2 ||     2
